 Dungeon Sprint DCSS version 0.22-a0-32-ga749362 (webtiles) character file.

207 Faca the Slinger (level 6, -13/46 HPs)
             Began as a Halfling Hunter on Jan 3, 2018.
             Was a Follower of Okawaru.
             Mangled by a slime creature (14 damage)
             ... in the Dungeon (Sprint V: "Ziggurat Sprint").
             The game lasted 00:03:03 (99 turns).

Faca the Slinger (Halfling Hunter)                    Turns: 99, Time: 00:03:04

Health: -13/46     AC: 15    Str: 15    XL:     6   Next: 10%
Magic:  6/6        EV: 10    Int:  9    God:    Okawaru [*.....]
Gold:   0          SH:  0    Dex: 27    Spells: 5/5 levels left

rFire    . . .     SeeInvis .   n - +5 hunting sling
rCold    . . .     Gourm    .   (shield restricted)
rNeg     . . .     Faith    .   l - +5 shadow dragon scales
rPois    .         Spirit   .   (no helmet)
rElec    .         Reflect  .   (no cloak)
rCorr    .         Harm     .   (no gloves)
MR       .....     NoTele   +   (no boots)
Stlth    +++++.....             (no amulet)
HPRegen  0.15/turn              E - +6 ring of dexterity
MPRegen  0.10/turn              F - +6 ring of dexterity

@: no status effects
A: small, mutation resistance 1
a: Heroism, Renounce Religion


You were in the Dungeon.
You worshipped Okawaru.
Okawaru was aware of your devotion.
You were not hungry.

You visited 1 branch

Inventory:

Hand Weapons
 b - a +0 short sword
 m - a +5 fustibalus
 n - a +5 hunting sling (weapon)
 K - a +5 dagger
 L - a +5 quick blade
Missiles
 d - 1002 sling bullets (quivered)
Armour
 l - +5 shadow dragon scales (worn)
 o - a +3 buckler
Jewellery
 E - a +6 ring of dexterity (left hand)
 F - a +6 ring of dexterity (right hand)
 G - a +6 ring of intelligence
 H - a +6 ring of intelligence
 I - a +6 ring of strength
 J - a +6 ring of strength
Wands
 y - a wand of disintegration (7)
 C - a wand of iceblast (7)
 D - a wand of acid (7)
Scrolls
 k - 4 scrolls of blinking
 p - 4 scrolls of amnesia
 q - 7 scrolls of fog
 r - a scroll of holy word
 s - 5 scrolls of identify
 t - 5 scrolls of remove curse
 u - 2 scrolls of fear
Potions
 e - 10 potions of curing
 g - 10 potions of heal wounds
 h - 6 potions of haste
 i - 7 potions of magic
 j - 3 potions of berserk rage
 v - 2 potions of brilliance
 w - 2 potions of invisibility
 x - 4 potions of resistance
 A - 5 potions of agility
 B - 5 potions of might
Comestibles
 f - 7 rations


   Skills:
 + Level 5.6 Fighting
 + Level 13.7 Slings
 + Level 2.0 Armour
 + Level 3.1 Dodging
 * Level 5.4 Stealth


You had 5 spell levels left.
You didn't know any spells.

Dungeon Overview and Level Annotations

Branches:
Dungeon (1/1)

Altars:
Ashenzari
Cheibriados
Dithmenos
Elyvilon
Fedhas
Gozag
Hepliaklqana
Kikubaaqudgha
Makhleb
Nemelex Xobeh
Okawaru
Qazlal
Ru
Sif Muna
Trog
Uskayaw
Vehumet
Wu Jian
Xom
Yredelemnul
Zin
The Shining One
Beogh
Jiyva
Lugonu

Annotations:
D 1 transporter


Innate Abilities, Weirdness & Mutations

You are small and have problems with some larger weapons.
You are somewhat resistant to further mutation.


Message History

Aim: a slime creature (heavily wounded)
You shoot a sling bullet.
The sling bullet hits the slime creature!
The slime creature is severely wounded.
The slime creature hits you!
* * * LOW HITPOINT WARNING * * *
Firing (i - inventory):
d - 1004 sling bullets (quivered)
Press: ? - help, Shift-Dir - straight line, f/p - slime creature
Aim: a slime creature (severely wounded)
You shoot a sling bullet.
The sling bullet hits the slime creature.
The slime creature is severely wounded.
Firing (i - inventory):
d - 1003 sling bullets (quivered)
Press: ? - help, Shift-Dir - straight line, f/p - slime creature
Aim: a slime creature (severely wounded)
You shoot a sling bullet.
The sling bullet hits the slime creature.
The slime creature is severely wounded.
The slime creature hits you!
You die...

▓▓▓▓▓▓▓
▓.8©8.▓
▓.....▓
▓.|.).▓
▓..(..▓
▓..(J.▓
▓..@..▓
▓▓▓▓▓▓▓


You could see a slime creature.

Vanquished Creatures
  A slime creature (D)
1 creature vanquished.

Notes
Turn   | Place    | Note
-------+----------+-------------------------------------------
     0 | D        | Found the +6 Majin-Bo {vamp, Archmagi MP+6 Int+6}
     0 | D        | Found the +7 great mace "Firestarter" {inner flame, rF++}
     0 | D        | Faca the Halfling Hunter began the quest for the Orb.
     0 | D        | Reached XP level 1. HP: 14/14 MP: 1/1
     3 | D        | Found a blossoming altar of Fedhas.
     4 | D        | Found a viscous altar of Jiyva.
     4 | D        | Found a hazy altar of Hepliaklqana.
     4 | D        | Found a transporter.
     4 | D        | Found an opulent altar of Gozag.
     4 | D        | Found an ancient bone altar of Kikubaaqudgha.
     4 | D        | Found a corrupted altar of Lugonu.
    15 | D        | Found a burning altar of Makhleb.
    16 | D        | Found a sacrificial altar of Ru.
    16 | D        | Found a stormy altar of Qazlal.
    16 | D        | Found a deep blue altar of Sif Muna.
    16 | D        | Found an iron altar of Okawaru.
    16 | D        | Found a bloodstained altar of Trog.
    16 | D        | Found a sparkling altar of Nemelex Xobeh.
    33 | D        | Found the +9 heavy crossbow "Sniper" {velocity, Acc+∞ SInv}
    33 | D        | Found the +10 dark maul {crush}
    33 | D        | Found the +15 Maxwell's patent armour {-Cast -Tele rElec MR+ rCorr}
    33 | D        | Found the +18 shield of the Gong {rElec rN+ MR+ EV-5}
    33 | D        | Found the cursed +14 obsidian axe {chop, +Fly SInv *Curse}
    34 | D        | Found the +6 shillelagh "Devastator" {shatter}
    34 | D        | Found the +11 plutonium sword {*Contam Stlth-}
    34 | D        | Found the +8 lance "Wyrmbane" {slay drac, rPois rF+ rC+ AC+3}
    34 | D        | Found the +9 sword of Zonguldrok {reap}
    34 | D        | Found the cursed +13 scythe of Curses {drain, *Curse}
    34 | D        | Found the +0 sword of Power
    34 | D        | Found the -1 mace of Variability {chaos}
    34 | D        | Found the +7 Singing Sword
    34 | D        | Found the +7 longbow "Piercer" {penet, EV-2}
    58 | D        | Became a worshipper of Warmaster Okawaru
    78 | D        | Reached skill level 5 in Fighting
    78 | D        | Reached skill level 9 in Slings
    78 | D        | Reached XP level 2. HP: 24/24 MP: 2/2
    81 | D        | Entered arena 2.
    81 | D        | Noticed a slime creature
    81 | D        | Noticed a slime creature
    81 | D        | Found a transporter.
    93 | D        | Killed a slime creature
    93 | D        | Reached * piety under Okawaru
    93 | D        | Reached skill level 13 in Slings
    93 | D        | Reached skill level 5 in Stealth
    93 | D        | Reached XP level 3. HP: 7/30 MP: 3/3
    93 | D        | Reached XP level 4. HP: 9/36 MP: 4/4
    93 | D        | Reached XP level 5. HP: 10/41 MP: 5/5
    93 | D        | Reached XP level 6. HP: 11/46 MP: 6/6
    97 | D        | HP: 1/46 [slime creature (11)]
    99 | D        | Mangled by a slime creature

Vault maps used:
D:        sprint_v

Skill      XL: |  1  2 |
---------------+-------+-----
Fighting       | 5 |  5.6
Slings         | 9 13 | 13.7
Armour         | 2 |  2.0
Dodging        | 3 |  3.1
Stealth        | 5 |  5.4

Action                   |  1- 3 |  4- 6 || total
-------------------------+-------+-------++-------
 Fire: Hunting sling     |    12 |     6 ||    18
  Use: Potion            |     1 |       ||     1
Armor: Shadow dragon sca |     4 |     2 ||     6
Dodge: Dodged            |     2 |     1 ||     3

Table legend:
 A = Spawn XP
 B = Non-spawn XP
 C = Spawn XP percentage of total XP
 D = Spawn monster count
 E = Non-spawn monster count
 F = Spawn count percentage of total count
 G = Total turns spent on level
                    A         B        C        D         E        F      G
               +---------+---------+-------+---------+---------+-------+---------
         Total |       0 |     287 |   0.0 |       0 |       1 |   0.0 |    99
               +---------+---------+-------+---------+---------+-------+---------
             D |       0 |     287 |   0.0 |       0 |       1 |   0.0 |    99
               +---------+---------+-------+---------+---------+-------+---------
